 Dungeon Crawl Stone Soup version 0.17.0-28-g6e173f8 (webtiles) character file.

800 M4edhros the Covert (level 7, -3/43 HPs)
             Began as an Octopode Artificer on Nov 29, 2015.
             Slain by a hound (6 damage)
             ... on level 5 of the Dungeon.
             The game lasted 00:03:23 (2602 turns).

M4edhros the Covert (Octopode Artificer)            Turns: 2602, Time: 00:03:23

Health: -3/43      AC:  1    Str: 10    XL:     7   Next: 90%
Magic:  12/12      EV: 12    Int: 17    God:
Gold:   153        SH:  0    Dex: 12    Spells: 0 memorised, 6 levels left

rFire  . . .     SeeInvis .     a - +0 short sword
rCold  . . .     Clarity  .     (no shield)
rNeg   . . .     SustAt   .     (helmet restricted)
rPois  .         Gourm    .     (no amulet)
rElec  .         Spirit   .     (no ring)
rCorr  .         Warding  .     (no ring)
rMut   .         Stasis   .     (no ring)
MR     .....                    (no ring)
Stlth  +++++.....               (no ring)
                                (no ring)
                                (no ring)
                                (no ring)

@: lethally poisoned (-3 -> -17), not resistant to hostile enchantments, quite
stealthy
A: almost no armour, amphibious, 8 rings, constrict 8, camouflage 1, gelatinous
body 1
a: no special abilities


You were on level 5 of the Dungeon.
You were very hungry.

You visited 1 branch of the dungeon, and saw 6 of its levels.

You collected 153 gold pieces.

Inventory:

Hand Weapons
 a - a +0 short sword (weapon)
Missiles
 o - 22 stones (quivered)
Wands
 b - a wand of flame (7)
 c - a wand of enslavement (12)
 d - a wand of random effects (2)
Scrolls
 h - 3 scrolls of identify
 i - 2 scrolls of fog {unknown}
 j - 2 scrolls of amnesia {unknown}
 n - a scroll of vulnerability
Potions
 f - a potion of resistance
 k - a potion of degeneration {unknown}
 m - a potion of heal wounds {unknown}
Comestibles
 e - 4 bread rations
 l - a slice of pizza


   Skills:
 - Level 1.0 Fighting
 - Level 1.0 Short Blades
 - Level 2.0 Dodging
 + Level 9.0 Stealth
 + Level 7.1 Evocations


You had 6 spell levels left.
You didn't know any spells.

Dungeon Overview and Level Annotations

Branches:
Dungeon (6/15)
 Temple: D:4-7

Altars:


Innate Abilities, Weirdness & Mutations

You cannot wear most types of armour.
You are amphibious.
You can wear up to eight rings at the same time.
You can use your tentacles to constrict eight enemies at once.
Your skin changes colour to match your surroundings (Stealth).
Your rubbery body absorbs attacks (AC +1).


Message History

The hound is heavily wounded.
The hound bites you. x2
You miss the hound. You grab the hound. Your squeeze misses the hound.
The hound is heavily wounded.
You constrict the hound. The hound barely misses you.
You barely miss the hound.
The hound is heavily wounded.
You constrict the hound. The hound misses you. The hound bites you.
* * * LOW HITPOINT WARNING * * *
You are too injured to fight recklessly!
Drink which item? (? for menu, Esc to quit)
It was a potion of poison.
That liquid tasted very nasty...
You are lethally poisoned!
You constrict the hound.
* * * LOW HITPOINT WARNING * * *
You feel sick. The hound bites you.
* * * LOW HITPOINT WARNING * * *
The hound bites you.
You die...

#........##.######
#.######.#..#.....
#.######.#.##.####
#.##>.............
#.##..............
#.#####..#.#...[..
#.# #..#.#######
#.# #..#........
#@# #..#########
#....h.# #..#


''....... .... ##......## #... #......# .... #......' #.....## ###### You could
see a hound.

Vanquished Creatures
  Sigmund (D:2)
  2 ogres (D:5)
  2 centaurs (D:5)
  A scorpion (D:4)
  2 hounds (D:5)
  A jelly (D:5)
  An orc priest (D:5)
  An orc wizard (D:4)
  A worker ant (D:5)
  A hound skeleton (D:6)
  A worker ant zombie (D:5)
  2 shadow imps (D:5)
  An ooze (D:1)
  An adder skeleton (D:5)
  4 giant geckos
  8 orcs
  4 giant cockroaches
  5 hobgoblins
  2 quokkas
  8 bats (D:1)
  A giant gecko skeleton (D:4)
  2 giant newts
  8 goblins
  5 kobolds
  8 rats
73 creatures vanquished.

Vanquished Creatures (collateral kills)
  A worker ant (D:5)
  A hound zombie (D:5)
2 creatures vanquished.

Grand Total: 75 creatures vanquished

Notes
Turn   | Place    | Note
--------------------------------------------------------------
     0 | D:1      | M4edhros the Octopode Artificer began the quest for the Orb.
     0 | D:1      | Reached XP level 1. HP: 13/13 MP: 3/3
    79 | D:1      | Reached XP level 2. HP: 12/18 MP: 4/4
   353 | D:1      | Reached XP level 3. HP: 15/23 MP: 5/5
   750 | D:1      | Reached skill level 4 in Stealth
   851 | D:2      | Noticed Sigmund
   857 | D:2      | Killed Sigmund
   857 | D:2      | Reached skill level 6 in Stealth
   857 | D:2      | Reached skill level 5 in Evocations
   857 | D:2      | Reached XP level 4. HP: 23/28 MP: 5/7
   857 | D:2      | Reached XP level 5. HP: 27/33 MP: 5/8
  1139 | D:4      | Reached XP level 6. HP: 11/38 MP: 9/9
  1516 | D:5      | Entered Level 5 of the Dungeon
  1653 | D:5      | Reached skill level 7 in Stealth
  1696 | D:5      | Reached XP level 7. HP: 16/43 MP: 11/11
  2047 | D:5      | Reached skill level 8 in Stealth
  2553 | D:5      | Reached skill level 9 in Stealth
  2602 | D:5      | Slain by a hound

Action                   |  1- 3 |  4- 6 |  7- 9 || total
-------------------------+-------+-------+-------++-------
Melee: Short sword       |    71 |    49 |    21 ||   141
Evoke: Wand              |     2 |     5 |    17 ||    24
  Use: Potion            |       |     2 |     1 ||     3
       Scroll            |       |       |     4 ||     4
 Stab: Sleeping          |    12 |     6 |     1 ||    19
       Distracted        |       |       |     1 ||     1
  Eat: Chunk             |       |     2 |     2 ||     4
